[Event "FIDE WSTC Open 50 2025"]
[Site "Prague"]
[Date "2025.02.20"]
[Round "4.28"]
[White "Findlay, Ian T."]
[Black "Horvath, Peter"]
[Result "0-1"]
[Annotator "TA"]
[ECO "B32"]
[WhiteElo "2089"]
[BlackElo "2354"]
[PlyCount "104"]
[EventDate "2025.02.17"]
[EventType "team-tourn"]
[EventCountry "CZE"]
[SourceTitle "playchess.com"]
[Source "ChessBase"]
[SourceQuality "1"]
[TimeControl "40/5400+30:1800+30"]

1. e4 c5 2. Nf3 Nc6 3. d4 cxd4 4. Nxd4 e5 5. Nb5 d6 6. c4 Be7 7. N1c3 a6 8. Na3 f5 9. exf5 Bxf5 10. Bd3 Be6 11. O-O {[%emt 0:01:34] 11.Nc2 injects fresh life into this line.} Nf6 12. Nc2 {[%emt 0:05:05] B32: Sicilian: Löwenthal and Kalashnikov Variations.} O-O 13. b3 Qd7 14. Bb2 {[%emt 0:02:18] The position is equal.} Bd8 15. Qd2 Bb6 16. Ne3 Rad8 17. Rad1 Kh8 18. Bb1 (18. Kh1 Bd4 19. f3 Qc7 20. Rfe1) 18... Ng4 $146 {[%emt 0:11:32][%cal Of8f2] [#]} (18... Ba7 19. Qd3 Qf7 20. Ne4 Nxe4 21. Qxe4 Qh5 22. g4 Qh3 23. Qg2 Qh4 24. Bf5 Qe7 {0-1 Voekler,B (2385)-Ikonnikov,V (2542) Neckar op-A 7th 2003 (6)}) 19. Nxg4 Bxg4 20. Qd3 g6 {[%emt 0:01:38] Active counter play!} 21. Rd2 Nd4 22. Nd5 {[%emt 0:00:41] [#]} (22. Qg3 {simplifies} Ba7 23. Kh1 Bf5 24. Bd3) 22... Nf3+ $1 23. Kh1 $1 (23. gxf3 $2 Bxf3 $19) 23... Nxd2 24. Qxd2 (24. Nxb6 $11 Qc6 25. Qxd2 Qxb6 26. Bxg6) 24... Ba7 $17 25. f4 (25. a4 $15) 25... Be6 26. Be4 Qg7 27. g3 Bd4 28. Bxd4 exd4 {[%emt 0:00:06][%csl Od4] Black has a strong passed pawn} 29. Rd1 Bg4 30. Re1 Rde8 31. Kg2 Be6 32. Nb4 (32. Rd1 $142) 32... Bf5 ({Black should try} 32... g5 $19 33. fxg5 Bg4 (33... Bf5 $2 34. Bxf5 Rxe1 35. Qxe1 $19)) 33. Bf3 (33. Bxf5 $17 gxf5 34. Rxe8 Rxe8 35. Nd5) 33... Rxe1 $19 34. Qxe1 a5 35. Nd5 d3 36. g4 Bd7 37. Qe3 Bc6 38. Qxd3 Bxd5 39. Qxd5 Rxf4 40. Qxd6 $17 {[%emt 0:00:09][%mdl 4096] Endgame KQR-KQB} Rf8 41. c5 (41. g5 $17) 41... Qb2+ 42. Kg3 Kg7 $36 {[%emt 0:00:21][%mdl 2048] Black has strong initiative.} 43. Qd5 Rf7 (43... Qxa2 44. Qe5+ Rf6 45. g5 (45. Bxb7 $2 Qxb3+ 46. Kh4 Qe6 $19) 45... Qd2 46. gxf6+ Kh6 47. f7 (47. Bxb7 g5 $18) (47. Qf4+ Qxf4+ 48. Kxf4 g5+ 49. Kf5 g4 50. Bxb7 a4 51. bxa4 g3 52. hxg3 Kh5 53. f7 Kh6 54. f8=Q+ Kh5 55. Bf3#) 47... Qd8 48. Qe8 (48. Bxb7 Qf8 $18) 48... Qg5+ 49. Bg4) 44. a4 (44. h4 $17) 44... Re7 {[%emt 0:01:28] ...Qe5+ would now be deadly.} 45. h4 $2 (45. c6 {keeps fighting.} bxc6 46. Qxa5) 45... Qe5+ $19 {[%emt 0:00:43] Black is clearly winning.} 46. Qxe5+ Rxe5 47. Bxb7 (47. c6 $142 bxc6 48. Kf4) 47... Rxc5 {[%emt 0:00:03] KR-KB} 48. Kf4 Rc3 49. Bd5 Rh3 50. Bf3 Rxh4 ({Not} 50... h6 51. h5 $17) 51. Kg3 g5 52. Bd5 Rh6 {[%emt 0:01:01] Weighted Error Value: White=0.37/Black=0.14 (very precise)   Mistake:       	White=8     	Black=1      Inaccurate:     	White=3     	Black=1      OK:         	White=7     	Black=12     Best:        	White=4     	Black=2      Strong:       	White=1     	---} 0-1

[Event "FIDE WSTC Open 50 2025"]
[Site "Prague"]
[Date "2025.02.20"]
[Round "4.29"]
[White "Titscher, Libor"]
[Black "Wang, Pin"]
[Result "1/2-1/2"]
[Annotator "TA"]
[ECO "A22"]
[WhiteElo "2147"]
[BlackElo "2389"]
[PlyCount "83"]
[EventDate "2025.02.17"]
[EventType "team-tourn"]
[EventCountry "CZE"]
[SourceTitle "playchess.com"]
[Source "ChessBase"]
[SourceQuality "1"]
[TimeControl "40/5400+30:1800+30"]

1. c4 e5 2. Nc3 Nf6 3. g3 Nc6 4. Bg2 g6 5. Nf3 Bg7 6. d3 d6 7. Rb1 a5 8. a3 O-O 9. O-O Re8 10. Nd2 Be6 11. b4 {[%emt 0:01:04] A26: English Opening vs King's Indian with ...Nc6 and d3.} axb4 12. axb4 Qd7 13. b5 {[%emt 0:00:34] White is slightly better.} Nd8 14. Re1 $146 ({Predecessor:} 14. Nd5 Nxd5 15. cxd5 Bg4 16. f3 Bh3 17. Qc2 Bxg2 18. Kxg2 b6 19. Nc4 f5 20. e4 {1-0 Maghsoodloo,P (2594)-Tabatabaei,M (2577) Fajr op 26th 2018 (8)}) 14... Bh3 15. Bh1 c6 16. Qb3 h6 17. Bb2 (17. bxc6 $14 bxc6 18. Nde4) 17... Ne6 $11 18. Na4 Qc7 {[%emt 0:10:23] Prevents Nb6.} 19. Ra1 Nd4 20. Bxd4 exd4 21. Ne4 Ng4 (21... Nd7 {simplifies} 22. Nd2 f5 23. Nf3 g5) 22. bxc6 bxc6 23. Qb6 Qxb6 24. Nxb6 Rxa1 25. Rxa1 f5 26. f3 (26. Nxd6 $11 {remains equal.} Rxe2 27. Bxc6) 26... fxe4 $17 27. fxg4 exd3 (27... Bxg4 $17 28. Bxe4 Rxe4 29. Ra8+ (29. dxe4 $2 d3 $17) 29... Kf7 30. dxe4 d3 31. exd3 (31. Ra7+ $2 Ke6 $19) 31... Bd4+ 32. Kf1 Bxb6) 28. exd3 $11 Re3 29. Be4 {[%emt 0:09:46][%mdl 8192] [#]} (29. Bxc6 $11 {and White is okay.} Bxg4 30. Nd5) 29... Kh7 $2 ({Not} 29... Bxg4 30. Bxg6 Be5 31. Ra2 $15) (29... Rxe4 $1 $19 30. dxe4 d3) 30. Ra7 $1 Bxg4 {[%emt 0:00:34][%cal Oe3e4] White must now prevent ...Rxe4!.} 31. Nd7 Kg8 32. Bxg6 {[%emt 0:03:03] Black must now prevent Ra8+.} Be5 33. Nxe5 dxe5 {[%emt 0:00:14][%mdl 4096] Endgame KRB-KRB} 34. Be4 Be2 35. Bxc6 (35. Re7 $11) 35... Rxd3 (35... Bxd3 $15 36. Bd5+ Kf8) 36. Bd5+ Kh8 37. Kf2 Rd2 38. Ke1 Rc2 39. Re7 d3 ({Black should play} 39... Bd3 $11 40. Kd1 (40. Rxe5 Bxc4 41. Bxc4 Rxc4 $11) 40... Rxh2) 40. Rxe5 h5 {[%emt 0:00:38] [#]} (40... Kg7 $11 41. h3 Rc1+ 42. Kd2 Rd1+ 43. Ke3 Rg1) 41. Be4 (41. h3 $1 $16) 41... Rxc4 42. Bxd3 {[%emt 0:00:25] Weighted Error Value: White=0.31/Black=0.25 (precise)   Loses game:     	White=1     	---        Missed win:     	---       	Black=1      Mistake:       	White=4     	Black=4      Inaccurate:     	White=3     	Black=3      OK:         	White=9     	Black=11     Best:        	White=1     	Black=2      Strong:       	White=1     	---} 1/2-1/2

[Event "FIDE WSTC Open 50 2025"]
[Site "Prague"]
[Date "2025.02.20"]
[Round "4.32"]
[White "Liu, Shilan"]
[Black "Haentsch, Ralf"]
[Result "1/2-1/2"]
[Annotator "TA"]
[ECO "C78"]
[WhiteElo "2093"]
[BlackElo "2087"]
[PlyCount "60"]
[EventDate "2025.02.17"]
[EventType "team-tourn"]
[EventCountry "CZE"]
[SourceTitle "playchess.com"]
[Source "ChessBase"]
[SourceQuality "1"]
[TimeControl "40/5400+30:1800+30"]

1. e4 e5 2. Nf3 Nc6 3. Bb5 a6 4. Ba4 Nf6 5. O-O b5 6. Bb3 Be7 7. d3 O-O 8. Nc3 d6 9. a4 b4 {[%emt 0:01:59] C84: Closed Ruy Lopez: Unusual White 6th moves.} 10. Nd5 Na5 11. Ba2 Nxd5 12. Bxd5 c6 13. Ba2 {[%emt 0:02:56] Not much happening anymore} c5 14. Bd5 Rb8 15. Nd2 Bg5 16. Nc4 Nxc4 17. Bxc4 $146 (17. dxc4 Bxc1 18. Qxc1 Qe7 19. a5 Be6 20. Rd1 f5 21. Qd2 Rbd8 22. Bxe6+ Qxe6 23. Qd5 Qxd5 24. Rxd5 {½-½ Deepan Chakkravarthy,J (2531)-Siva,M (2346) Mumbai Mayors Cup 11th 2018 (6)}) 17... a5 18. b3 Qf6 19. Bxg5 Qxg5 20. Qc1 Qxc1 21. Raxc1 Be6 22. Rcd1 Rbe8 23. Bb5 Re7 24. f4 f6 25. Rd2 g5 26. fxg5 {[%emt 0:05:44] The position is equal.} fxg5 27. Bc4 Rxf1+ 28. Kxf1 Bxc4 29. dxc4 Rf7+ 30. Ke2 Rf6 {[%emt 0:00:32] Not much happened in this game.   Weighted Error Value: White=0.05 (flawless) /Black=0.04 (flawless)   Inaccurate:     	White=1     	Black=1      OK:         	White=12    	Black=11} 1/2-1/2

[Event "FIDE WSTC Open 50 2025"]
[Site "Prague"]
[Date "2025.02.20"]
[Round "4.33"]
[White "Lesiege, Alexandre"]
[Black "Muir, Andrew J"]
[Result "1-0"]
[Annotator "TA"]
[ECO "B63"]
[WhiteElo "2504"]
[BlackElo "2166"]
[PlyCount "87"]
[EventDate "2025.02.17"]
[EventType "team-tourn"]
[EventCountry "CZE"]
[SourceTitle "playchess.com"]
[Source "ChessBase"]
[SourceQuality "1"]
[TimeControl "40/5400+30:1800+30"]

1. e4 c5 2. Nf3 Nc6 3. d4 cxd4 4. Nxd4 Nf6 5. Nc3 d6 6. Bg5 e6 7. Qd2 Be7 8. O-O-O O-O {[%emt 0:00:08] 8...a6 deserves study.} 9. h4 a6 {[%emt 0:01:16] B63: Sicilian: Richter-Rauzer: 7...Be7 and unusual Black 7th moves.} 10. Nxc6 bxc6 11. Rh3 e5 {[%emt 0:02:22] The position is equal.} 12. Rd3 Be6 13. Rxd6 $146 ({Predecessor:} 13. Bxf6 gxf6 14. f4 Kh8 15. f5 Bc4 16. Rf3 Bxf1 17. Rfxf1 Rg8 18. Qe2 Rg3 19. Rf3 {½-½ Murphy,C (2452)-Muir,A (2225) Kingston-A 2nd 2023 (1)}) 13... Bxd6 14. Qxd6 Qb6 15. Be3 $1 Qa5 {[%emt 0:04:22] Black is weak on the dark squares} 16. Qxc6 {[#] aiming for Bb6.} Rfc8 17. Qb6 {[%emt 0:26:29] White is more active.} Qxb6 18. Bxb6 Rc6 {[%emt 0:12:40] [#]} 19. Ba5 Rac8 20. f3 Bc4 21. Bxc4 Rxc4 22. Bb6 h6 23. Rd2 Kf8 24. Nd1 R4c6 25. Ba5 Ke7 26. Ne3 g6 {[%emt 0:01:16] Prevents Nf5+.} 27. b3 Ke6 28. c4 Rd6 29. Nd5 Nxd5 (29... Rd7 $16 30. Nxf6 Rxd2 31. Bxd2 Kxf6) 30. exd5+ $16 {[%emt 0:00:05][%mdl 4096] Endgame KRR-KRB} Kf5 (30... Kd7 $142 31. Bc3 f6) 31. Kb2 e4 (31... g5 $142 32. g4+ Kf4) 32. fxe4+ $18 Kxe4 33. Kc3 f5 $2 (33... Ke3 34. Rd3+ Ke4 35. Rd4+ Ke5) 34. Re2+ Kf4 35. Kd4 g5 (35... Rd7 $142 36. c5 g5 37. Rf2+ Kg3) 36. c5 Rd7 37. hxg5 hxg5 38. d6 g4 39. Re7 Rxe7 40. dxe7 {[%emt 0:00:05] White mates.} Re8 41. Bd8 Kg3 42. c6 f4 43. c7 Kxg2 44. c8=Q {[%emt 0:00:00] Weighted Error Value: White=0.13 (very precise) /Black=0.86  Mistake:       	---       	Black=5      Inaccurate:     	White=1     	Black=5      OK:         	White=17    	Black=6      Best:        	White=1     	Black=1      Strong:       	White=1     	---} 1-0

[Event "FIDE WSTC Open 50 2025"]
[Site "Prague"]
[Date "2025.02.20"]
[Round "4.37"]
[White "Aagaard, Jacob"]
[Black "Frenken, Marcel"]
[Result "1/2-1/2"]
[Annotator "TA"]
[ECO "B80"]
[WhiteElo "2435"]
[BlackElo "2064"]
[PlyCount "32"]
[EventDate "2025.02.17"]
[EventType "team-tourn"]
[EventCountry "CZE"]
[SourceTitle "playchess.com"]
[Source "ChessBase"]
[SourceQuality "1"]
[TimeControl "40/5400+30:1800+30"]

1. e4 c5 2. Nf3 e6 3. d4 cxd4 4. Nxd4 Nf6 5. Nc3 d6 6. Be3 a6 7. Qf3 {[%emt 0:00:13] 7.a3 is setting a new trend.} Nbd7 8. Be2 {[%emt 0:03:26] B80: Sicilian Scheveningen: 6 g3 and 6 Be3, including English Attack.} Qc7 9. g4 {[%emt 0:09:47] White wants to play g5.} Ne5 (9... h6 $11) 10. Qh3 ({White should try} 10. Qg3 $14) 10... Nc4 11. Bc1 $146 ({Predecessor:} 11. O-O-O Nxe3 12. Qxe3 b5 13. g5 Nd7 14. a3 Bb7 15. f4 Rc8 16. h4 Nb6 17. h5 {1-0 Botvinnik,I-Yuferov,S (2430) BLR-ch Belarus 1984}) 11... Qc5 {[%emt 0:34:51] The position is equal.} 12. Nb3 Qc6 13. Nd4 Qc5 14. Nb3 Qc6 15. Nd4 Qc5 16. Nb3 Qc6 {[%emt 0:00:07] Weighted Error Value: White=0.13 (very precise) /Black=0.13 (very precise)   Mistake:       	White=1     	Black=1      Inaccurate:     	White=1     	Black=1      OK:         	White=4     	Black=5      Best:        	---       	Black=1} 1/2-1/2

[Event "FIDE WSTC Open 50 2025"]
[Site "Prague"]
[Date "2025.02.20"]
[Round "4.40"]
[White "Merx, Bob"]
[Black "Nielsen, Niels-Peter"]
[Result "1/2-1/2"]
[Annotator "TA"]
[ECO "B10"]
[WhiteElo "1968"]
[BlackElo "2086"]
[PlyCount "30"]
[EventDate "2025.02.17"]
[EventType "team-tourn"]
[EventCountry "CZE"]
[SourceTitle "playchess.com"]
[Source "ChessBase"]
[SourceQuality "1"]
[TimeControl "40/5400+30:1800+30"]

1. e4 c6 2. d3 d5 3. Nd2 dxe4 4. dxe4 Nf6 5. Ngf3 Bg4 6. Be2 Nbd7 {[%emt 0:03:21] B10: Caro-Kann: 2 d3 and 2 c4.} 7. O-O Qc7 8. c3 e6 9. Qc2 Be7 10. a4 $146 (10. Nc4 O-O 11. e5 Nd5 12. Re1 b5 13. Nd6 Bxd6 14. exd6 Qxd6 15. Ng5 Bf5 16. Bd3 Bxd3 17. Qxd3 {½-½ Hoyos Bedoya,N (1669)-Cruz Quintanilla,M (1284) Iberoamerican-ch 9th 2023 (3)}) 10... O-O 11. Re1 Rfd8 12. Nf1 Nc5 13. Ng3 Nh5 (13... Bd6 $15 {feels stronger.}) 14. Nd4 Bxe2 15. Qxe2 Nxg3 {[%emt 0:02:40] Weighted Error Value: White=0.14 (very precise) /Black=0.08 (flawless)   Mistake:       	---       	Black=1      Inaccurate:     	White=2     	---        OK:         	White=3     	Black=6} 1/2-1/2

[Event "FIDE WSTC Open 50 2025"]
[Site "Prague"]
[Date "2025.02.21"]
[Round "5.1"]
[White "Kazhgaleyev, Murtas"]
[Black "David, Alberto"]
[Result "1/2-1/2"]
[Annotator "TA"]
[ECO "E46"]
[WhiteElo "2495"]
[BlackElo "2467"]
[PlyCount "32"]
[EventDate "2025.02.17"]
[EventType "team-tourn"]
[EventCountry "CZE"]
[SourceTitle "playchess.com"]
[Source "ChessBase"]
[SourceQuality "1"]
[TimeControl "40/5400+30:1800+30"]

1. d4 Nf6 2. c4 e6 3. Nc3 Bb4 4. e3 O-O 5. Bd2 d5 6. Nf3 b6 7. cxd5 exd5 {[%emt 0:00:06] The position is equal.} 8. Bd3 {[%emt 0:00:04] E51: Nimzo-Indian: Rubinstein: 4...0-0 5 Nf3 d5.} Be7 9. O-O c5 10. Ne5 Bb7 11. Qf3 Nc6 12. Rfd1 g6 $146 ({Predecessor:} 12... Re8 13. Rac1 a6 14. Bb1 Rc8 15. Ng4 cxd4 16. exd4 Nxg4 17. Qxg4 Bf6 18. Be3 g6 {0-1 Mochalin,F (2138)-Salemgareev,T (2463) Cheliabinsk Panchenko Memorial op-A 2021 (1)}) 13. Bb5 Qd6 14. Nxc6 Bxc6 15. dxc5 bxc5 16. Bxc6 Qxc6 {[%emt 0:00:42] Not much happened in this game.   Weighted Error Value: White=0.03 (flawless) /Black=0.06 (flawless)   OK:         	White=4     	Black=2} 1/2-1/2

[Event "FIDE WSTC Open 50 2025"]
[Site "Prague"]
[Date "2025.02.21"]
[Round "5.2"]
[White "Godena, Michele"]
[Black "Kotsur, Pavel"]
[Result "1/2-1/2"]
[Annotator "TA"]
[ECO "C07"]
[WhiteElo "2439"]
[BlackElo "2478"]
[PlyCount "62"]
[EventDate "2025.02.17"]
[EventType "team-tourn"]
[EventCountry "CZE"]
[SourceTitle "playchess.com"]
[Source "ChessBase"]
[SourceQuality "1"]
[TimeControl "40/5400+30:1800+30"]

1. e4 e6 2. d4 d5 3. Nd2 c5 4. Ngf3 cxd4 5. Nxd4 Nc6 6. Bb5 Bd7 7. Nxc6 bxc6 8. Bd3 Bd6 {[%emt 0:00:08] C07: French Tarrasch: 3...c5, 4 Ngf3 and 4 exd5 Qxd5.} 9. c4 Nf6 10. O-O Qc7 11. h3 O-O {[%emt 0:04:17] Successful Defense Black} 12. Qc2 $146 ({Predecessor:} 12. Qe2 Rae8 13. c5 Bh2+ 14. Kh1 Bf4 15. Nf3 dxe4 16. Bxe4 e5 17. Bc2 e4 18. Bxf4 Qxf4 {0-1 Sek,K (2446)-Vallejo Pons,F (2704) Wch Rapid Moscow 2019 (1)}) 12... dxe4 13. Bxe4 Rab8 14. b3 Be5 15. Bb2 Bxb2 16. Qxb2 c5 17. Rad1 a5 18. Rfe1 a4 19. Bf3 Rfd8 20. Qe5 Rdc8 21. g4 h6 22. h4 axb3 23. axb3 Be8 24. Qxc7 Rxc7 {[%emt 0:00:02] The position is equal.} 25. g5 hxg5 26. hxg5 Nd7 27. g6 f6 28. Rxe6 Bxg6 29. Bd5 {[%emt 0:02:53] [#] aiming for Rc6+.} Kf8 30. Rde1 Nb6 31. Bg2 Bf7 {[%emt 0:01:11] A rather calm draw.   Weighted Error Value: White=0.03 (flawless) /Black=0.02 (flawless)   Inaccurate:     	White=1     	Black=1      OK:         	White=9     	Black=11} 1/2-1/2

[Event "FIDE WSTC Open 50 2025"]
[Site "Prague"]
[Date "2025.02.21"]
[Round "5.4"]
[White "D'Amore, Carlo"]
[Black "Tikzhanov, Yerlan"]
[Result "1/2-1/2"]
[Annotator "TA"]
[ECO "A04"]
[WhiteElo "2362"]
[BlackElo "2323"]
[PlyCount "104"]
[EventDate "2025.02.17"]
[EventType "team-tourn"]
[EventCountry "CZE"]
[SourceTitle "playchess.com"]
[Source "ChessBase"]
[SourceQuality "1"]
[TimeControl "40/5400+30:1800+30"]

1. Nf3 c5 2. g3 Nc6 3. Bg2 e5 4. e4 Nge7 5. Nc3 d6 6. d3 {[%emt 0:00:29] B30: Sicilian: 2...Nc6 3 Bb5, lines without ...g6.} g6 7. Nd2 Bg7 8. Nc4 {[%emt 0:00:23] The position is equal.} a6 {[%emt 0:01:34] Dodges Nb5} 9. O-O O-O 10. f4 Nd4 $146 (10... Be6 $11) (10... b5 11. Ne3 exf4 12. gxf4 Nd4 13. f5 Nec6 14. Ncd5 Ne5 15. f6 Bh8 16. Ne7+ {1-0 Perez Gormaz,M (2413)-Blanco Gramajo,C (2065) Titled Tuesday intern op 19th Jan blitz 2021 (1)}) 11. a4 $16 Be6 12. Ne3 (12. Nd5 $14) 12... Rb8 (12... exf4 {with more complications.} 13. Rxf4 b5 14. axb5 axb5 15. Rxa8 Qxa8 16. Nf5 gxf5 17. exf5 Bd5) 13. Ncd5 Nxd5 14. exd5 Bc8 (14... exf4 $1 $11 15. dxe6 fxe3 16. exf7+ Kh8 17. Bxe3 Nf5) 15. fxe5 $14 Bxe5 16. c3 Nf5 17. Nxf5 (17. Nc4 $14) 17... Bxf5 $11 18. Rxf5 gxf5 19. Qf3 (19. Bh3 $1 $11) 19... Qf6 (19... Re8 $15 20. Bd2 Qb6) 20. Bh3 f4 21. gxf4 {[%emt 0:00:40] and Qg3+ should not be overlooked} Qg6+ 22. Kh1 Bg7 $36 {[%emt 0:00:30][%mdl 2048] Black has good play.} 23. Be3 ({White should try} 23. f5 $11 Qf6 24. Qg3) 23... Qf6 (23... Qxd3 24. Rg1 f6 25. Qg2 $11) 24. d4 c4 25. Rg1 (25. Bf2 $15) 25... Kh8 26. a5 (26. Rg5 $1 $11 {remains equal.}) 26... Bh6 27. Bf1 Rbc8 28. Rg3 Rg8 29. Rh3 (29. Rxg8+ Rxg8 30. Bxc4 Qd8) 29... Rg7 $1 30. Be2 (30. Bf2 $17) 30... Rcg8 $19 31. Bxc4 {[%emt 0:02:37] [#]} (31. Rg3 $142) 31... Bxf4 $1 32. Bd3 $17 {[%emt 0:02:15] [#]} (32. Qxf4 Qxf4 33. Bd3 Qxe3) 32... Qg5 33. Rg3 $1 $11 {[%emt 0:03:57] Active counter play!} Bxe3 34. Rxg5 Bxg5 35. h3 Bc1 {[%emt 0:02:06] ( -> ...Rg1+)} 36. h4 $2 {[%emt 0:02:51] [#]} (36. Qf6 $11 {and White has nothing to worry.}) 36... Rg1+ $1 $19 (36... Bxb2 37. Qf6 $11) 37. Kh2 {[%emt 0:00:04] [#]} R8g2+ (37... R8g4 $1 $19 {and ...Kg7 would now be decisive} 38. Qxf7 (38. Qf6+ Kg8 $19) 38... Bf4+ (38... Bxb2 39. Qxh7#) 39. Qxf4 Rxf4 40. Kxg1 Rxh4) 38. Qxg2 $15 {[%emt 0:00:54] Black is slightly better.} Rxg2+ 39. Kxg2 Bxb2 {[%emt 0:00:05][%mdl 4096] Endgame KB-KB} 40. Bf5 Bxc3 41. Bc8 Bxa5 42. Bxb7 Bb6 43. Bxa6 Bxd4 44. Kf3 Kg7 45. Kf4 Kf6 46. h5 h6 47. Bd3 Bc3 48. Bh7 Bd2+ 49. Kg4 Ke5 50. Bg8 f5+ ({Don't play} 50... Kxd5 51. Bxf7+ Ke4 52. Be8 $11) 51. Kf3 Kf6 52. Be6 Ke5 {[%emt 0:00:23] Weighted Error Value: White=0.25 (precise) /Black=0.20 (precise)   Loses game:     	White=1     	---        Mistake:       	White=8     	Black=7      Inaccurate:     	White=4     	Black=3      OK:         	White=11    	Black=17     Best:        	White=5     	Black=3      Strong:       	White=1     	Black=1} (52... Bc3 $15) 1/2-1/2

[Event "FIDE WSTC Open 50 2025"]
[Site "Prague"]
[Date "2025.02.21"]
[Round "5.5"]
[White "Polak, Tomas"]
[Black "Ftacnik, Lubomir"]
[Result "1/2-1/2"]
[Annotator "TA"]
[ECO "D85"]
[WhiteElo "2463"]
[BlackElo "2438"]
[PlyCount "58"]
[EventDate "2025.02.17"]
[EventType "team-tourn"]
[EventCountry "CZE"]
[SourceTitle "playchess.com"]
[Source "ChessBase"]
[SourceQuality "1"]
[TimeControl "40/5400+30:1800+30"]

1. d4 Nf6 2. c4 g6 3. Nc3 d5 4. cxd5 Nxd5 5. Bd2 c5 6. e4 {[%emt 0:03:23] D85: Exchange Grünfeld: Unusual White 7th moves and lines with 7 Nf3.} Nxc3 7. Bxc3 cxd4 8. Bxd4 {[%emt 0:00:08] White has an edge.} (8. Qxd4 {simplifies} Qxd4 9. Bxd4 f6 10. Be3) 8... e5 9. Bxe5 Bb4+ 10. Bc3 Bxc3+ 11. bxc3 Qa5 12. Qd2 O-O {Black sacrificed a pawn} 13. Bc4 Nd7 14. Ne2 Nc5 15. f3 $146 (15. Qe3 Re8 16. f3 Be6 17. Bxe6 Nxe6 18. O-O Rac8 19. Rfc1 Rc4 20. Rd1 Rec8 21. Rd5 {1-0 Vanduyfhuys,D (2073)-Gomez Barrera,J (2219) Wch U20 Girls 38th 2022 (4)}) 15... Rd8 16. Qe3 Be6 {[%emt 0:01:41] Repels Bd5} 17. Bxe6 Nd3+ 18. Kf1 $1 fxe6 19. h4 Nb2 20. Kf2 Nc4 21. Qg5 Rd2 (21... Qxg5 $11 {is more appropriate.} 22. hxg5 Rd2) 22. Qxa5 $14 Nxa5 23. Rhd1 $1 Rad8 24. Ke1 Nc4 25. Rxd2 Rxd2 26. Rb1 {[%emt 0:00:05] [#] and Rb4 should not be overlooked} Rxa2 27. Rxb7 e5 {[%emt 0:01:34] Dodges Nf4} 28. h5 gxh5 29. Ng3 h4 {[%emt 0:02:47] Weighted Error Value: White=0.06 (flawless) /Black=0.06 (flawless)   Mistake:       	---       	Black=1      Inaccurate:     	White=2     	---        OK:         	White=7     	Black=15     Best:        	White=4     	---        Strong:       	White=2     	---} 1/2-1/2